 Dungeon Crawl Stone Soup version 0.29-a0-9-g022ca4c890 (webtiles) character file.

Game seed: 14265399995404114005

124 dolemite99 the Cutter (level 5, 0/23 (27) HPs)
             Began as a Vine Stalker Chaos Knight on Jan 28, 2022.
             Was a Plaything of Xom.
             Slain by a gnoll (5 damage)
             ... on level 3 of the Dungeon.
             The game lasted 00:04:27 (2509 turns).

dolemite99 the Cutter (Vine Stalker Chaos Knight)   Turns: 2509, Time: 00:04:28

HP:   0/23 (27)     AC:  7    Str: 16    XL:     5   Next: 8%
MP:   0/6           EV: 11    Int: 12    God:    Xom [......]
Gold: 90            SH:  0    Dex: 14    Spells: 4/4 levels left

rFire   . . .      SeeInvis .   o - +1 dagger
rCold   . . .      Faith    .   (no shield)
rNeg    . . .      Spirit   +   b - +3 leather armour
rPois   .          Reflect  .   (no helmet)
rElec   .          Harm     .   c - +0 cloak
rCorr   .          Rampage  .   (no gloves)
Will    .....                   (no boots)
Stlth   +.........              (no amulet)
HPRegen 0.87/turn               (no ring)
MPRegen 0.10/turn               (no ring)

@: heavily drained
A: fangs 2, regeneration 1, magic shield, antimagic bite, no potion heal 2
a: Renounce Religion


You were on level 3 of the Dungeon.
You worshipped Xom.
You were a very special plaything of Xom.
You visited 1 branch of the dungeon, and saw 3 of its levels.

You collected 90 gold pieces.

Inventory:

Hand Weapons
 a - a +0 short sword of chaos
 o - a +1 dagger (weapon)
 r - a +0 hunting sling
Missiles
 k - 17 bolts
 l - 12 arrows
 m - 50 stones (quivered)
 n - 61 sling bullets
Armour
 b - a +3 leather armour (worn)
 c - a +0 cloak (worn)
Jewellery
 g - an amulet of reflection
Scrolls
 f - a scroll of noise
Potions
 d - a potion of curing {unknown}
 e - a potion of flight {unknown}
 i - a potion of lignification {unknown}
 j - a potion of ambrosia {unknown}
 s - 2 potions of cancellation


   Skills:
 - Level 2.6 Fighting
 + Level 5.1 Short Blades
 - Level 1.5 Armour
 - Level 0.7 Dodging


You had 4 spell levels left.
You didn't know any spells.
Your spell library contained the following spells:

 Spells                   Type           Power      Damage    Failure   Level
 Tukima's Dance           Hex            0%         N/A       77%         3
 Anguish                  Hex/Necr       0%         N/A       99%         4
 Iskenderun's Battlesphe  Conj           0%         2d6       100%        5
 Iron Shot                Conj/Erth      0%         9d1       100%        6
 Enfeeble                 Hex            0%         N/A       100%        7
 Spellforged Servitor     Conj/Summ      0%         N/A       100%        7


Dungeon Overview and Level Annotations

Branches:
Dungeon (3/15)

Altars:
Dithmenos


Innate Abilities, Weirdness & Mutations

You have extremely sharp teeth.
Your natural rate of healing is unusually fast.
When hurt, damage is shared between your health and your magic reserves.
Your bite disrupts and absorbs the magic of your enemies.
Potions cannot restore your health.


Message History

The gnoll hits you with a +0 whip.
You closely miss the gnoll. You bite the gnoll, but do no damage.
The gnoll is severely wounded.
The gnoll hits you with a +0 whip.
You hit the gnoll.
You kill the gnoll!
Your Short Blades skill increases to level 5!
The gnoll hits you but does no damage.
You feel drained.
A gnoll comes into view. It is wielding a +0 flail.
You see here a +0 whip.
You barely miss the gnoll.
The gnoll shouts!
The gnoll hits you with a +2 flail of draining!
You emit a cloud of colourful smoke!
You feel drained.
You hit the gnoll but do no damage. Your bite misses the gnoll.
The gnoll hits you with a +2 flail of draining.
You feel drained.
You hit the gnoll. You bite the gnoll. You drain its power.
You feel invigorated.
The gnoll is moderately wounded.
The gnoll hits you but does no damage.
You feel drained.
You hit the gnoll. Your punch misses the gnoll.
The gnoll is heavily wounded.
You hit the gnoll.
The gnoll is severely wounded.
The gnoll hits you with a +2 flail of draining!
* * * LOW HITPOINT WARNING * * *
You feel drained.
* * * LOW HITPOINT WARNING * * *
You hit the gnoll.
The gnoll is severely wounded.
The gnoll barely misses you.
You hit the gnoll. You punch the gnoll. You bite the gnoll.
You kill the gnoll!
You feel your strength returning.
You have reached level 5!
You barely miss the gnoll. Your bite misses the gnoll.
The gnoll hits you with a +0 flail!
You die...

#.........#
##..(..#..#
##g#.....# ##
#.#...#..... #.....#
.### ###..#††#..#
#§§..#.....#
#g#..#.##### #@#....#
#§#...## #.§..##
###..# .#.#.#######.#
#.#..........)#######
###
#.#...#######........
..# ##.....#
#.####### #.# ......#
#.# #.#


You could see a gnoll.

Vanquished Creatures
  2 gnolls (D:3)
  An adder (D:2)
  3 worms
  2 dart slugs
  An orc (D:3)
  3 endoplasms
  2 giant cockroaches
  4 goblins
  5 hobgoblins
  4 jackals
  A kobold (D:1)
  3 quokkas
  8 ball pythons
  7 bats
  3 frilled lizards
  3 rats
52 creatures vanquished.

Vanquished Creatures (collateral kills)
  Crazy Yiuf (D:2)
1 creature vanquished.

Grand Total: 53 creatures vanquished

Notes
Turn   | Place    | Note
-------+----------+-------------------------------------------
     0 | D:1      | dolemite99 the Vine Stalker Chaos Knight began the quest
                  | for the Orb.
     0 | D:1      | Reached XP level 1. HP: 11/11 MP: 2/2
    80 | D:1      | XOM: potion effect (berserk rage)
    87 | D:1      | Reached skill level 3 in Short Blades
   250 | D:1      | Reached XP level 2. HP: 16/16 MP: 3/3
   342 | D:1      | XOM: cloud trail
   801 | D:1      | Found a faded altar of an unknown god.
   855 | D:1      | XOM: god gift: 19 sling bullets
   877 | D:1      | Reached XP level 3. HP: 18/19 MP: 2/4
   963 | D:1      | XOM: 6-stop teleportation journey
  1091 | D:1      | XOM: draining
  1480 | D:2      | Reached skill level 4 in Short Blades
  1756 | D:2      | Gained mutation: Your natural rate of healing is unusually
                  | fast. [Vine Stalker growth]
  1756 | D:2      | Reached XP level 4. HP: 12/22 MP: 5/5
  1838 | D:2      | Found a shadowy altar of Dithmenos.
  1994 | D:2      | Found a runed translucent door.
  1995 | D:2      | Noticed Crazy Yiuf
  2023 | D:2      | XOM: divination: detect creatures
  2046 | D:2      | XOM: confuse monster(s)
  2058 | D:2      | XOM: summons friendly sixfirhy
  2059 | D:2      | Killed Crazy Yiuf
  2124 | D:2      | XOM: polymorph sixfirhy -> smoke demon
  2238 | D:2      | XOM: stat loss: -1 Str (15/16)
  2501 | D:3      | Reached skill level 5 in Short Blades
  2502 | D:3      | XOM: smoke on damage
  2509 | D:3      | Reached XP level 5. HP: 5/23 MP: 2/6
  2509 | D:3      | Slain by a gnoll

Illustrated notes

Levels and vault maps discovered:
D:1:      dpeg_arrival_round_b, layout_basic, nicolae_ecumenical_snake_handling
D:2:      layout_basic, basic_altar, uniq_crazy_yiuf_cottage
D:3:      layout_loops_ring, minmay_misc_feat_columns, grunt_ministairs_3

Skill      XL: |  1  2  3  4 |
---------------+-------------+-----
Short Blades   | 3 4 5 |  5.1
Fighting       | |  2.6
Armour         | |  1.5
Dodging        | |  0.7

Action                   |  1- 3 |  4- 6 || total
-------------------------+-------+-------++-------
Melee: Short sword       |    45 |       ||    45
       Bite              |    24 |    21 ||    45
       Dagger            |    67 |    59 ||   126
       Punch             |       |     2 ||     2
Throw: Boomerang         |    30 |    18 ||    48
       Stone             |       |     4 ||     4
  Use: Scroll            |       |     6 ||     6
 Stab: Sleeping          |     1 |       ||     1
       Paralysed         |     1 |       ||     1
Armor: Leather armour    |    32 |    14 ||    46
Dodge: Dodged            |    69 |    27 ||    96

Table legend: (Time is in decaauts)
 A = Elapsed time spent in this place.
 B = Non-inter-level travel time spent in this place.
 C = Inter-level travel time spent in this place.
 D = Time resting spent in this place.
 E = Time spent auto-exploring this place.
 F = Levels seen in this place.
 G = Mean time per level.
                   A        B        C        D        E       F      G
               +--------+--------+--------+--------+--------+-----+--------+
         Total |   2499 |   2416 |     83 |    498 |   1346 |   3 |  833.0 |
       Dungeon |   2499 |   2416 |     83 |    498 |   1346 |   3 |  833.0 |
               +--------+--------+--------+--------+--------+-----+--------+

Top non-repeatable levels by time:
     D:1: 1415 daAuts
     D:2: 893 daAuts
     D:3: 190 daAuts
